 Dungeon Crawl Stone Soup version 0.23-a0-313-gf30bb39 (webtiles) character file.

1185 HDogLeCool the Carver (level 8, 0/71 HPs)
             Began as a Minotaur Monk on Oct 12, 2018.
             Was a Believer of Okawaru.
             Slain by Pikel
             ... wielding a +0 whip of electrocution
              (13 damage)
             ... on level 5 of the Dungeon.
             The game lasted 00:27:23 (6522 turns).

HDogLeCool the Carver (Minotaur Monk)               Turns: 6522, Time: 00:27:23

Health: 0/71       AC:  6    Str: 17    XL:     8   Next: 19%
Magic:  7/7        EV: 12    Int:  7    God:    Okawaru [**....]
Gold:   177        SH:  5    Dex: 14    Spells: 7/7 levels left

rFire    . . .     SeeInvis .   a - +0 falchion
rCold    . . .     Gourm    .   n - +0 buckler
rNeg     . . .     Faith    .   j - +0 ring mail
rPois    .         Spirit   .   (helmet restricted)
rElec    .         Reflect  .   (no cloak)
rCorr    .         Harm     .   (no gloves)
MR       .....                  (no boots)
Stlth    +.........             (no amulet)
HPRegen  0.21/turn              (no ring)
MPRegen  0.10/turn              (no ring)

@: no status effects
A: retaliatory headbutt, horns 2
a: Heroism, Renounce Religion


You were on level 5 of the Dungeon.
You worshipped Okawaru.
Okawaru was pleased with you.
You were hungry.

You visited 1 branch of the dungeon, and saw 6 of its levels.

You collected 177 gold pieces.

Inventory:

Hand Weapons
 a - a +0 falchion (weapon)
 v - a +2 dagger of electrocution
 G - a +0 shortbow
Missiles
 d - 108 arrows
 p - 231 stones (quivered)
 x - 12 poisoned needles
Armour
 h - a +0 plate armour
 j - a +0 ring mail (worn)
 n - a +0 buckler (worn)
 o - a +0 chain mail
Jewellery
 i - a +2 ring of protection {unknown}
 D - an uncursed amulet of faith {unknown}
Wands
 s - a wand of random effects (44)
Scrolls
 b - 5 scrolls of teleportation {unknown}
 f - 5 scrolls of identify {unknown}
 k - 2 scrolls of remove curse
 m - a scroll of random uselessness {unknown}
 q - a scroll of fog {unknown}
 r - a scroll of magic mapping {unknown}
 w - 3 scrolls of noise {unknown}
 y - a scroll of blinking {unknown}
 B - 3 scrolls of enchant armour {unknown}
Potions
 e - 2 potions of curing
 g - a potion of agility {unknown}
 l - a potion of brilliance {unknown}
 t - a potion of might {unknown}
 u - a potion of flight {unknown}
 z - a potion of ambrosia {unknown}
 A - 3 potions of lignification {unknown}
 F - 2 potions of magic {unknown}
 H - a potion of resistance {unknown}
Comestibles
 c - 13 rations


   Skills:
 + Level 6.6 Fighting
 * Level 8.2 Long Blades
 + Level 0.7 Bows
 + Level 5.0 Armour
 - Level 3.5 Dodging
 - Level 1.7 Stealth
 - Level 4.0 Shields


You had 7 spell levels left.
You didn't know any spells.
Your spell library contained the following spells:

 Spells                   Type           Power        Failure   Level  Hunger
 Summon Small Mammal      Summ           #...         63%         1    ##.....
 Call Imp                 Summ           #.......     77%         2    ###....
 Call Canine Familiar     Summ           #.......     94%         3    ####...
 Summon Guardian Golem    Hex/Summ       #.......     94%         3    ####...
 Summon Ice Beast         Ice/Summ       #.......     100%        4    #####..
 Summon Lightning Spire   Summ/Air       #.......     100%        4    #####..


Dungeon Overview and Level Annotations

Branches:
Dungeon (6/15)
 Temple: D:4-7

Altars:
Ashenzari
Cheibriados
Gozag
Hepliaklqana
Kikubaaqudgha
Makhleb
Nemelex Xobeh
Okawaru
Uskayaw
Vehumet
Xom

Shops:
D:5 [

Annotations:
D:5 Pikel
D:6 Prince Ribbit


Innate Abilities, Weirdness & Mutations

You reflexively headbutt those who attack you in melee.
You have a pair of horns on your head.


Message History

Pikel is severely wounded.
The slave barely misses you.
Pikel hits you with a whip of electrocution.
* * * LOW HITPOINT WARNING * * *
You are electrocuted!
* * * LOW HITPOINT WARNING * * *
You miss Pikel. Your headbutt misses Pikel.
Pikel is severely wounded.
The slave barely misses you.
Pikel hits you with a whip of electrocution.
* * * LOW HITPOINT WARNING * * *
Unknown command.
You hit Pikel but do no damage.
Pikel is severely wounded.
The slave hits you.
* * * LOW HITPOINT WARNING * * *
You block Pikel's attack.
You feel better. The slave barely misses you.
Pikel hits you but does no damage.
You are electrocuted!
You die...

#.⌠.⌠...#....#.......#.....#
##.#.....#...###+######.....##
#........#...##[>...........#.
#........)....#..[..........'.
#........#....#.............#.
#........#....#.............#.
#####....#....#.............#.
#....######.............#.
#........@K...#######+###+
#.........p...# #........
#.............# #........
#####.............###########.
#..........#####..........###.
#..........#...#..........#...
#..........+...#..........'...
#..........#...#..........#...
#..........#......###.....####


You could see Pikel and a slave.

Vanquished Creatures
  The ghost of zyena the Chiller, a novice OpIE (D:4)
  An ice beast (D:5)
  A sky beast (D:6)
  3 slaves
  2 centaurs (D:6)
  A bullfrog (D:6)
  Blork the orc (D:5)
  A howler monkey (D:5)
  A crimson imp (D:6)
  A bullfrog skeleton (D:5)
  A hound (D:5)
  Jessica (D:2)
  Natasha (thrice) (D:3)
  An orc wizard (D:6)
  2 worker ants
  A worker ant zombie (D:5)
  4 adders
  3 shadow imps (D:6)
  An ooze (D:4)
  An adder skeleton (D:4)
  2 worms
  A dart slug (D:4)
  2 leopard geckos
  3 orcs
  4 giant cockroaches
  12 goblins
  11 hobgoblins
  10 jackals
  5 kobolds
  2 quokkas
  2 ball pythons (D:4)
  3 bats
  3 frilled lizards
  6 rats
97 creatures vanquished.

Notes
Turn   | Place    | Note
-------+----------+-------------------------------------------
     0 | D:1      | HDogLeCool the Minotaur Monk began the quest for the Orb.
     0 | D:1      | Reached XP level 1. HP: 19/19 MP: 0/0
   238 | D:1      | Reached XP level 2. HP: 27/27 MP: 1/1
   261 | D:1      | Reached skill level 4 in Long Blades
  1166 | D:2      | Reached XP level 3. HP: 33/33 MP: 2/2
  1644 | D:2      | Noticed Jessica
  1677 | D:2      | Killed Jessica
  1677 | D:2      | Reached skill level 1 in Armour
  1677 | D:2      | Reached skill level 1 in Shields
  2209 | D:3      | Reached XP level 4. HP: 41/41 MP: 3/3
  2468 | D:3      | Noticed Natasha
  2480 | D:3      | Killed Natasha
  2625 | D:3      | Noticed Natasha
  2646 | D:3      | Killed Natasha
  2675 | D:3      | Noticed Natasha
  2684 | D:3      | Killed Natasha
  2684 | D:3      | Reached skill level 5 in Long Blades
  2684 | D:3      | Reached XP level 5. HP: 31/47 MP: 4/4
  3078 | D:4      | Found a runed door.
  3642 | D:4      | Found a shattered altar of Ashenzari.
  3686 | D:4      | Found an iron altar of Okawaru.
  3960 | D:4      | Noticed zyena's ghost (novice OpIE)
  3977 | D:4      | Reached skill level 5 in Fighting
  3998 | D:4      | Killed zyena's ghost
  3998 | D:4      | Reached skill level 6 in Long Blades
  3998 | D:4      | Reached XP level 6. HP: 48/56 MP: 5/5
  4047 | D:5      | Entered Level 5 of the Dungeon
  4117 | D:5      | Found Xites's Armour Emporium.
  4139 | D:5      | Reached XP level 7. HP: 53/61 MP: 6/6
  4401 | D:5      | Found a sparkling altar of Nemelex Xobeh.
  4401 | D:5      | Noticed Blork the orc
  4408 | D:5      | Killed Blork the orc
  4507 | D:5      | Found a hide-covered altar of Uskayaw.
  4753 | D:5      | Reached skill level 7 in Long Blades
  5074 | D:4      | Became a worshipper of Warmaster Okawaru
  5074 | D:4      | Reached * piety under Okawaru
  5074 | D:4      | Reached ** piety under Okawaru
  5626 | D:6      | Reached XP level 8. HP: 65/71 MP: 7/7
  5695 | D:6      | Noticed Prince Ribbit
  5738 | D:6      | Reached skill level 8 in Long Blades
  5755 | D:6      | Noticed Pikel
  5990 | D:6      | Found a snail-covered altar of Cheibriados.
  5991 | D:6      | Found a hazy altar of Hepliaklqana.
  5993 | D:6      | Found a shimmering altar of Xom.
  5993 | D:6      | Found a burning altar of Makhleb.
  5995 | D:6      | Found an ancient bone altar of Kikubaaqudgha.
  5996 | D:6      | Found an opulent altar of Gozag.
  6020 | D:6      | Found a radiant altar of Vehumet.
  6141 | D:6      | Reached skill level 5 in Armour
  6521 | D:5      | HP: 2/71 [slave[Pikel] (3)]
  6522 | D:5      | Slain by Pikel

Vault maps used:
D:1:      wheals_arrival_linesprint
D:2:      uniq_jessica
D:3:      uniq_natasha
D:4:      marbit_many_paths, ebering_ghost_sewer_d, serial_glass,
          glass_columns_b, glass_columns_a, glass_columns_a, glass_columns_a,
          glass_columns_c, glass_columns_a, glass_columns_b, glass_columns_a,
          glass_columns_b, glass_columns_a, kennysheep_nub, ashenzari_altar_1
D:5:      nemelex_xobeh_ov_fountains_minmay, eat_drink_and_be_merry_uskayaw,
          first_ration, serial_shops, shop, uniq_blork_the_orc
D:6:      grunt_temple_overflow_open, minmay_temple_entry_crystal_x,
          serial_rivers, chequers_serial_rivers_micro_a,
          chequers_serial_rivers_large_b, chequers_serial_rivers_small_a,
          chequers_serial_rivers_small_3, chequers_serial_rivers_micro_e,
          chequers_serial_rivers_large_a, basic_altar, uniq_pikel,
          uniq_prince_ribbit1

Skill      XL: |  1  2  3  4  5  6  7  8 |
---------------+-------------------------+-----
Long Blades    | 4 5 6 7 8 |  8.2
Fighting       | 4 5 6 |  6.6
Armour         | 1 2 3 4 5 |  5.0
Shields        | 1 2 3 4 |  4.0
Bows           | |  0.7
Dodging        | |  3.5
Stealth        | |  1.7

Action                   |  1- 3 |  4- 6 |  7- 9 || total
-------------------------+-------+-------+-------++-------
Melee: Falchion          |    89 |   117 |   138 ||   344
       Headbutt          |    10 |    27 |    30 ||    67
 Fire: Shortbow          |       |       |     9 ||     9
Throw: Stone             |     5 |     8 |    23 ||    36
  Use: Scroll            |     1 |       |       ||     1
       Potion            |       |     2 |     3 ||     5
 Stab: Sleeping          |       |       |     1 ||     1
  Eat: Chunk             |     3 |     7 |     7 ||    17
Armor: Robe              |     2 |       |       ||     2
       Ring mail         |    10 |    23 |    56 ||    89
       Chain mail        |    11 |       |       ||    11
Dodge: Dodged            |    42 |    55 |    71 ||   168
Block: Buckler           |     7 |    14 |    20 ||    41
       Rpst.: Falchion   |     9 |    15 |    19 ||    43

Table legend:
 A = Non-vault XP
 B = Vault XP
 C = Vault XP percentage of total XP
 D = Non-vault monster count
 E = Vault monster count
 F = Vault count percentage of total count
                 A         B        C        D         E       F
            +---------+---------+-------+---------+---------+-------
      Total |    1155 |     539 |  31.8 |      88 |       6 |   6.4
            +---------+---------+-------+---------+---------+-------
        D:1 |      40 |       0 |   0.0 |      25 |       0 |   0.0
        D:2 |      10 |      37 |  78.7 |       6 |       1 |  14.3
        D:3 |     106 |      36 |  25.4 |      19 |       1 |   5.0
        D:4 |      83 |     376 |  81.9 |      15 |       3 |  16.7
        D:5 |     292 |      90 |  23.6 |       8 |       1 |  11.1
        D:6 |     624 |       0 |   0.0 |      15 |       0 |   0.0
            +---------+---------+-------+---------+---------+-------
